 Dungeon Crawl Stone Soup version 0.16-a0-4072-gc5a8185 (webtiles) character file.

774 Gronka the Shield-Bearer (level 8, -4/61 HPs)
             Began as a Human Fighter on Feb 21, 2015.
             Was a Priest of Nemelex Xobeh.
             Slain by a goliath beetle (25 damage)
             ... on level 5 of the Dungeon.
             The game lasted 00:12:29 (4254 turns).

Gronka the Shield-Bearer (Human Fighter)            Turns: 4254, Time: 00:12:30

Health: -4/61      AC:  9    Str: 18    XL:     8   Next: 10%
Magic:  9/9        EV:  6    Int:  8    God:    Nemelex Xobeh [***...]
Gold:   200        SH: 10    Dex: 14    Spells: 0 memorised, 7 levels left

rFire  + . .     SeeInvis .     w - +3 falchion
rCold  x . .     Clarity  .     n - +0 chain mail
rNeg   . . .     SustAb   .     c - +0 shield
rPois  +         Gourm    .     (no helmet)
rElec  .         Spirit   .     (no cloak)
rCorr  .         Warding  .     (no gloves)
rMut   .         Stasis   .     (no boots)
MR     .....                    (no amulet)
Stlth  ..........               y - ring of poison resistance
                                k - ring of fire

@: exhausted, slowed, very slow, not resistant to hostile enchantments,
extremely unstealthy
A: no striking features
a: Triple Draw, Renounce Religion


You were on level 5 of the Dungeon.
You worshipped Nemelex Xobeh.
Nemelex Xobeh was most pleased with you.
You were not hungry.

You visited 1 branch of the dungeon, and saw 5 of its levels.

You collected 200 gold pieces.

Inventory:

Hand weapons
 a - a +0 long sword
 w - a +3 falchion (weapon)
Armour
 b - a +0 scale mail
 c - a +0 shield (worn)
 n - a +0 chain mail (worn)
Jewellery
 k - a ring of fire (left hand)
 y - a ring of poison resistance (right hand)
Magical devices
 u - a wand of disintegration (12)
Scrolls
 p - 2 scrolls of identify {unknown}
 q - 5 scrolls of remove curse
 s - a scroll of amnesia {unknown}
 t - a scroll of fog {unknown}
 v - 2 scrolls of immolation {unknown}
 A - a scroll of teleportation {unknown}
 D - a scroll of enchant weapon {unknown}
Potions
 e - a potion of might
 g - a potion of heal wounds {unknown}
 i - a potion of curing
 j - a potion of lignification {unknown}
 m - a potion of restore abilities {unknown}
 o - a potion of beneficial mutation {unknown}
 B - a potion of degeneration {unknown}
 C - a potion of poison {unknown}
 E - a potion of mutation {unknown}
Miscellaneous
 l - an ornate deck of war
 r - a plain deck of destruction
 x - a plain deck of war {drawn: 3}
 z - a plain deck of war
Comestibles
 d - a bread ration
 f - 3 meat rations
 h - 2 fruits


   Skills:
 + Level 4.6 Fighting
 + Level 4.4 Long Blades
 + Level 4.6 Armour
 + Level 2.8 Dodging
 + Level 0.2 Stealth
 + Level 5.0 Shields
 + Level 1.3 Evocations


You had 7 spell levels left.
You didn't know any spells.

Dungeon Overview and Level Annotations

Branches:
Dungeon (5/15)             Temple (0/1) D:4

Altars:
Makhleb
Nemelex Xobeh
Qazlal
Sif Muna
Yredelemnul


Message History

The goliath beetle bites you!
You hit the goliath beetle but do no damage.
The goliath beetle is heavily wounded.
You hit the goliath beetle but do no damage.
The goliath beetle is heavily wounded.
You block the goliath beetle's attack.
You slash the goliath beetle!
The goliath beetle is severely wounded.
You block the goliath beetle's attack.
Your chain mail prevents you from hitting the goliath beetle.
The goliath beetle is severely wounded.
You block the goliath beetle's attack.
You hit the goliath beetle but do no damage.
The goliath beetle is severely wounded.
The goliath beetle bites you!!
You hit the goliath beetle but do no damage.
The goliath beetle is severely wounded.
The goliath beetle bites you!!
You die...
Your body glows with a rainbow of weird colours and disappears.

..........##
#.............
##.......## #(...........
##......# #........... #
##....## #.......... ##
##...#### #.........
.###......†#####........
..............##........
.........................
.#####...#......@B.......
## ##..####............ #
#...#.......#..... #
...........## ....
#..........## ...
....<...... . ..........#
.........# .####...#


You could see a goliath beetle.

Vanquished Creatures
  Grinder (D:5)
  A scorpion (D:4)
  A hound (D:4)
  A centaur skeleton (D:4)
  A worker ant (D:5)
  6 gnolls
  5 adders
  3 worms
  An adder skeleton (D:4)
  3 giant geckos
  5 orcs (D:3)
  A bat skeleton (D:4)
  A giant cockroach (D:3)
  9 goblins
  8 hobgoblins
  12 kobolds
  2 quokkas (D:2)
  2 ball pythons
  7 bats
  2 giant newts
  4 jackals (D:1)
  8 rats
84 creatures vanquished.

Vanquished Creatures (collateral kills)
  The ghost of vatarom the Ducker, an experienced TrCK of Xom (D:5)
  A sky beast (D:4)
2 creatures vanquished.

Grand Total: 86 creatures vanquished

Notes
Turn   | Place    | Note
--------------------------------------------------------------
     0 | D:1      | Gronka, the Human Fighter, began the quest for the Orb.
     0 | D:1      | Reached XP level 1. HP: 18/18 MP: 1/1
   416 | D:1      | Reached XP level 2. HP: 24/24 MP: 2/2
  1028 | D:2      | Reached skill level 1 in Dodging
  1028 | D:2      | Reached XP level 3. HP: 26/29 MP: 3/3
  1059 | D:2      | Found a sparkling altar of Nemelex Xobeh.
  1093 | D:2      | Became a worshipper of Nemelex Xobeh the Trickster
  1134 | D:2      | Received a gift from Nemelex Xobeh
  1290 | D:2      | Reached XP level 4. HP: 31/35 MP: 4/4
  1444 | D:2      | Reached XP level 5. HP: 29/41 MP: 5/5
  2039 | D:3      | Received a gift from Nemelex Xobeh
  2337 | D:3      | Found a deep blue altar of Sif Muna.
  2571 | D:3      | Found a burning altar of Makhleb.
  2858 | D:4      | Found a staircase to the Ecumenical Temple.
  2884 | D:4      | Received a gift from Nemelex Xobeh
  2936 | D:4      | Reached skill level 4 in Fighting
  2936 | D:4      | Reached XP level 6. HP: 40/48 MP: 6/6
  3081 | D:4      | Received a gift from Nemelex Xobeh
  3178 | D:4      | Noticed a sky beast
  3184 | D:4      | Killed a sky beast
  3347 | D:4      | Reached XP level 7. HP: 52/54 MP: 7/7
  3538 | D:4      | Found a basalt altar of Yredelemnul.
  3538 | D:4      | Found a stormy altar of Qazlal.
  3698 | D:5      | Entered Level 5 of the Dungeon
  3737 | D:5      | Acquired Nemelex Xobeh's first power
  3878 | D:5      | Noticed Grinder
  3915 | D:5      | Killed Grinder
  3920 | D:5      | Noticed vatarom's ghost (experienced TrCK)
  3950 | D:5      | Killed vatarom's ghost
  3950 | D:5      | Reached skill level 5 in Shields
  3950 | D:5      | Reached skill level 1 in Evocations
  3950 | D:5      | Reached XP level 8. HP: 7/61 MP: 9/9
  4225 | D:5      | Received a gift from Nemelex Xobeh
  4254 | D:5      | Slain by a goliath beetle

Action                   |  1- 3 |  4- 6 |  7- 9 || total
-------------------------+-------+-------+-------++-------
Melee: Long sword        |    95 |   122 |       ||   217
       Falchion          |       |    93 |    60 ||   153
Evoke: Deck              |       |     5 |     9 ||    14
       Wand              |       |       |     1 ||     1
  Use: Scroll            |       |     1 |       ||     1
       Potion            |       |       |     2 ||     2
  Eat: Bread ration      |     1 |     1 |     1 ||     3
